Map: [ESL] Altitude

Players

ShaDoWn

  • Race: Protoss Protoss
  • Spawn Location: 7:00

Spirit (souL) - Winner!

  • Race: Terran Terran
  • League: Master
  • Spawn Location: 1:00

Event: HomeStory Cup XXIII

VOD

Have the link to the VOD?

Description

Time

  • Played on: July 1, 2023, 11:12 a.m.
  • Length: 6:18

All games in this series

Show
View Real Time Build Order
Export as new Build Order

ShaDoWn Protoss 

Build Orders: 1 Gate Expand, Blink Stalkers 

Get SALT Encoding   

  12  0:00  Probe  
  13  0:12  Probe  
  14  0:18  Pylon  
  14  0:24  Probe  
  15  0:36  Probe (Chrono Boost)  
  15  0:37  Gateway  
  16  0:46  Probe (Chrono Boost), Assimilator  
  17  0:51  Probe (Chrono Boost)  
  18  1:03  Probe  
  19  1:15  Probe  
  20  1:25  Cybernetics Core  
  20  1:38  Nexus  
  20  1:47  Pylon  
  20  1:50  Probe  
  21  1:55  Assimilator  
  21  1:58  Adept (Chrono Boost)  
  23  2:05  Probe (Chrono Boost)  
  25  2:17  Probe (Chrono Boost), Warp Gate  
  25  2:21  Stalker  
  27  2:23  Probe (Chrono Boost)  
  28  2:33  Probe  
  29  2:38  Twilight Council  
  29  2:45  Probe  
  30  2:55  Probe (Chrono Boost)  
  32  3:02  Probe (Chrono Boost)  
  33  3:06  Probe (Chrono Boost)  
  33  3:11  Probe x2 (Chrono Boost)  
  34  3:15  Blink  
  34  3:19  Gateway  
  33  3:21  Stalker (Chrono Boost), Probe x2  
  37  3:33  Robotics Facility, Probe  
  38  3:35  Probe  
  39  3:41  Gateway  
  39  3:45  Probe  
  40  3:51  Probe  
  37  4:10  Probe  
  37  4:11  Stalker  
  37  4:13  Probe  
  39  4:17  Warp Prism (Chrono Boost)  
  39  4:22  Probe  
  42  4:25  Probe  
  42  4:26  Pylon  
  43  4:34  Probe, Nexus  
  43  4:37  Probe  
  45  4:43  Pylon  
  45  4:46  Probe  
  45  4:48  Observer  
  45  4:49  Probe, Pylon  
  45  4:52  Assimilator  
  48  4:57  Stalker  
  48  4:58  Probe  
  48  4:59  Stalker  
  51  5:08  Probe  
  51  5:12  Probe (Chrono Boost)  
  47  5:20  Stalker, Probe (Chrono Boost)  
  46  5:24  Probe (Chrono Boost)  
  46  5:26  Observer (Chrono Boost)  
  48  5:30  Probe (Chrono Boost)  
  48  5:31  Probe (Chrono Boost)  
  48  5:35  Probe (Chrono Boost)  
  50  5:49  Probe  
  50  5:55  Probe x2  
  47  6:01  Probe  
Show
View Real Time Build Order
Export as new Build Order

Spirit Terran - Winner!

Build Orders:  

Get SALT Encoding   

  12  0:00  SCV  
  13  0:12  SCV  
  14  0:17  Supply Depot  
  14  0:24  SCV  
  15  0:38  SCV  
  15  0:40  Barracks  
  16  0:51  SCV  
  16  0:52  Refinery  
  17  1:03  SCV  
  18  1:09  Engineering Bay  
  18  1:15  SCV  
  19  1:27  Orbital Command, Marine  
  20  1:45  Barracks Reactor  
  20  1:51  Command Center  
  20  1:55  SCV  
  21  2:04  Supply Depot  
  21  2:08  SCV  
  22  2:14  Factory  
  22  2:20  SCV  
  22  2:22  Refinery  
  23  2:25  Marine  
  23  2:27  Marine  
  25  2:32  SCV  
  26  2:43  Marine  
  28  2:44  Marine, SCV  
  29  2:56  SCV  
  30  2:58  Starport  
  30  3:03  Orbital Command  
  30  3:08  Hellion  
  30  3:09  Hellion  
  34  3:14  SCV  
  35  3:28  SCV  
  35  3:30  Widow Mine, SCV  
  35  3:31  Widow Mine  
  41  3:34  Supply Depot  
  41  3:35  Medivac  
  41  3:40  SCV  
  44  3:45  Armory  
  45  3:50  Supply Depot  
  45  3:52  SCV  
  45  3:55  Widow Mine  
  45  4:01  Widow Mine, SCV  
  45  4:05  SCV  
  45  4:13  SCV  
  45  4:18  SCV  
  45  4:19  Medivac  
  45  4:20  Widow Mine, Bunker  
  45  4:22  Widow Mine  
  50  4:25  Supply Depot  
  50  4:27  Barracks Tech Lab  
  50  4:28  SCV  
  50  4:30  SCV  
  52  4:38  Barracks  
  52  4:42  Engineering Bay  
  52  4:44  SCV  
  52  4:45  Barracks  
  53  4:46  SCV  
  53  4:51  Starport Tech Lab  
  54  4:54  Siege Tank  
  54  4:56  Marine  
  58  5:00  Marine  
  58  5:01  SCV  
  58  5:02  SCV  
  61  5:13  Marine, SCV  
  63  5:15  SCV  
  63  5:18  Marine  
  63  5:21  Viking  
  67  5:25  SCV  
  67  5:27  Siege Tank, SCV  
  72  5:29  Marine  
  72  5:30  Supply Depot  
  72  5:31  Marine  
  72  5:32  Marine  
  75  5:36  Marine  
  75  5:37  SCV  
  75  5:39  SCV  
  75  5:41  Missile Turret  
  78  5:43  Refinery  
  78  5:45  Refinery  
  78  5:51  Marine  
  78  5:52  SCV  
  78  5:53  SCV  
  78  5:54  Marine  
  79  6:04  Barracks Tech Lab x2  
  79  6:14  Barracks  
  79  6:17  Barracks  
Tags
 
Add a new tag
Caveats
  • Supply blocks, unpowered buildings, or Contaminate may cause inaccurate times.
  • Supply counts are checked every 10 seconds.